 Dungeon Crawl Stone Soup version 0.31-a0-965-g8a8ce12e04 (webtiles) character file.

Game seed: 1310447580945421213

71 Maxmaps the Sneak (level 4, 0/31 HPs)
             Began as an Octopode Monk on Oct 26, 2023.
             Slain by an orc
             ... wielding a +0 trident
              (8 damage)
             ... on level 2 of the Dungeon.
             The game lasted 00:01:26 (1176 turns).

Maxmaps the Sneak (Octopode Monk)                   Turns: 1176, Time: 00:01:27

Health: 0/31       AC:  1    Str: 10    XL:     4   Next: 24%
Magic:  4/4        EV: 14    Int: 14    God:
Gold:   137        SH:  0    Dex: 14    Spells: 3/3 levels left

rFire   . . .        c - +2 mace (drain)
rCold   . . .        (no shield)
rNeg    . . .        (helmet restricted)
rPois   .            (no amulet)
rElec   .            (no ring)
rCorr   .            (no ring)
SInv    .            (no ring)
Will    .....        (no ring)
Stlth   ++++         (no ring)
HPRegen 0.25/turn    (no ring)
MPRegen 0.09/turn    (no ring)
                     (no ring)

%: no passive effects
@: no status effects
A: almost no armour, amphibious, 8 rings, camouflage 1, gelatinous body 1,
(nimble swimmer 1), tentacles
a: no special abilities


You were on level 2 of the Dungeon.
You visited 1 branch of the dungeon, and saw 3 of its levels.

You collected 137 gold pieces.

Inventory:

Hand Weapons
 c - a +2 mace of draining (weapon)
Armour
 b - an orb of light
Scrolls
 d - 2 scrolls of fog {unknown}
 f - a scroll of blinking {unknown}
 g - a scroll of vulnerability {unknown}
 h - a scroll of identify {unknown}
 i - 3 scrolls of teleportation {unknown}
 k - a scroll of brand weapon {unknown}
Potions
 a - a potion of ambrosia
 e - a potion of curing {unknown}
 j - 4 potions of brilliance {unknown}
 l - a potion of berserk rage {unknown}


   Skills:
 - Level 3.0 Fighting
 + Level 2.1 Maces & Flails
 - Level 3.0 Dodging
 - Level 4.0 Stealth
 - Level 3.0 Unarmed Combat


You had 3 spell levels left.
You didn't know any spells.
Your spell library was empty.

Dungeon Overview and Level Annotations

Branches:
Dungeon (3/15)

Altars:


Innate Abilities, Weirdness & Mutations

You cannot wear most types of armour.
You are amphibious.
You can wear up to eight rings at the same time.
Your skin changes colour to match your surroundings (Stealth+).
Your rubbery body absorbs attacks. (AC +1, EV +1)
((You are camouflaged when in or above water. (Stealth+)))
You have tentacles for arms and can constrict up to eight enemies at once.


Message History

The hobgoblin is moderately wounded.
You constrict the hobgoblin, but do no damage.
An orc comes into view. It is wielding a +0 trident.
The hobgoblin completely misses you.
You barely miss the hobgoblin.
The hobgoblin is moderately wounded.
You constrict the hobgoblin. The hobgoblin hits you.
The ball python misses you. x2
The orc shouts!
You hit the hobgoblin.
You kill the hobgoblin!
You hear a shout!
An orc priest comes into view. It is wielding a +0 club.
The ball python bites you. The ball python closely misses you.
You closely miss the ball python.
The orc priest shouts!
Your grab misses the ball python. Your squeeze misses the ball python.
The ball python closely misses you. x2; The ball python bites you.
The ball python grabs you. The ball python constricts you.
A kobold comes into view. It is wielding a +0 whip.
You sock the ball python!
You kill the ball python!
The orc priest calls down the wrath of Beogh upon you.
Beogh smites you!
You hit the orc. You drain the orc. You grab the orc. You squeeze the orc.
You kill the orc!
Found a shortbow.
The orc hits you with a +0 trident.
There is a stone staircase leading up, spattered with blood here.
You see here a +0 war axe.
The orc closely misses you.
You climb upwards.
There is a stone staircase leading down here.
You are too injured to fight recklessly!
You are too injured to fight recklessly!
You hit the orc. You grab the orc.
The orc is heavily wounded.
You constrict the orc. The orc hits you with a +0 trident.
* * * LOW HITPOINT WARNING * * *
The orc hits you with a +0 trident!
You die...

.#
#.#############
#.....##.# .#
#.#...........#
#.###....# .#
#.......#####.#
#.# #.#### ##
#...>.#.# #.#
#.###.#
#####......#
#.# #.....#
...###.##.##
#.# ###.###
.#.###.##.# #.#
#.# .#.#......#
#.# #.#
.#.#.#.#..# #@#
#.# ..........#
#o# #.#
.......#.## #.#
#.# .#.......#
#.#####.#
.#.#.#.###
#.).....#
...#...#
#########
.####### ##


You could see an orc.

Vanquished Creatures
  An adder (D:3)
  2 worms (D:2)
  A dart slug (D:2)
  2 orcs
  10 endoplasms
  A giant cockroach (D:2)
  A goblin (D:1)
  7 hobgoblins
  3 quokkas (D:1)
  5 ball pythons
  5 bats
  3 frilled lizards
  3 kobolds (D:1)
  5 rats (D:1)
49 creatures vanquished.

Notes
Turn   | Place    | Note
-------+----------+-------------------------------------------
     0 | D:1      | Maxmaps the Octopode Monk began the quest for the Orb.
     0 | D:1      | Reached XP level 1. HP: 16/16 MP: 1/1
    52 | D:1      | Reached skill level 1 in Stealth
    92 | D:1      | Reached skill level 2 in Stealth
    92 | D:1      | Reached XP level 2. HP: 15/21 MP: 2/2
   247 | D:1      | Reached skill level 3 in Stealth
   324 | D:1      | Reached XP level 3. HP: 26/26 MP: 3/3
   435 | D:1      | Reached skill level 4 in Stealth
   623 | D:2      | Reached skill level 1 in Maces & Flails
  1156 | D:3      | Reached XP level 4. HP: 31/31 MP: 4/4
  1176 | D:2      | Slain by an orc

Illustrated notes

Levels and vault maps discovered:
D:1:      wander_arrival_desolate, layout_rooms
D:2:      layout_loops_ring
D:3:      minmay_diamond_boxcup, layout_loops_cross, lemuel_tele_altar,
          uniq_robin

Skill      XL: |  1  2  3 |
---------------+----------+-----
Stealth        | 2 3 4 |  4.0
Maces & Flails | 2 |  2.1
Fighting       | |  3.0
Dodging        | |  3.0
Unarmed Combat | |  3.0

Action                     |  1- 3 |  4- 6 || total
---------------------------+-------+-------++-------
  Melee: Unarmed           |    62 |       ||    62
         Constrict         |    21 |     3 ||    24
         Tentacles         |    10 |     2 ||    12
         Punch             |     5 |       ||     5
         Mace              |    29 |     8 ||    37
   Stab: Sleeping          |    17 |       ||    17
 Armour: Skin              |    28 |     7 ||    35
  Dodge: Dodged            |    51 |     7 ||    58

Table legend: (Time is in decaauts)
 A = Elapsed time spent in this place.
 B = Non-inter-level travel time spent in this place.
 C = Inter-level travel time spent in this place.
 D = Time resting spent in this place.
 E = Time spent auto-exploring this place.
 F = Levels seen in this place.
 G = Mean time per level.
                   A        B        C        D        E       F      G
               +--------+--------+--------+--------+--------+-----+--------+
         Total |   1185 |   1165 |     20 |     68 |    805 |   3 |  395.0 |
       Dungeon |   1185 |   1165 |     20 |     68 |    805 |   3 |  395.0 |
               +--------+--------+--------+--------+--------+-----+--------+

Top non-repeatable levels by time:
     D:2: 600 daAuts
     D:1: 521 daAuts
     D:3: 63 daAuts
